[Event "SixDays Budapest IM-A 10-2024"]
[Site "Budapest"]
[Date "2024.10.02"]
[Round "4.2"]
[White "Pavan Karthikeya Varma Gunturi"]
[Black "Chubakov, Sultan"]
[Result "0-1"]
[ECO "B42"]
[WhiteElo "2056"]
[BlackElo "2265"]
[Annotator "TA"]
[PlyCount "124"]
[EventDate "2024.09.24"]
[EventType "tourn"]
[EventCountry "HUN"]
[SourceTitle "playchess.com"]
[Source "ChessBase"]
[SourceQuality "1"]
[TimeControl "5400+30"]

1. e4 c5 2. Nf3 e6 3. d4 cxd4 4. Nxd4 a6 5. Bd3 Bc5 6. Nb3 Ba7 7. Nc3 Nc6 8. O-O Nge7 9. Bf4 {[%emt 0:03:13] B42: Sicilian: Kan Variation: 5 Bd3.} d6 10. Bg3 O-O 11. Kh1 $146 ({Predecessor:} 11. Re1 b5 12. a3 e5 13. Nd5 Nxd5 14. exd5 Nd4 {½-½ Hushpit,L (2081)-Yalcinkaya,E (2026) EU-ch Schools U15 2024 (9)}) 11... b5 12. a3 Ne5 13. f4 Nc4 $1 14. Bxc4 bxc4 15. Nd4 e5 16. Nf3 (16. fxe5 dxe5 17. Nde2 (17. Bxe5 $2 f6 $19) 17... Qc7 $15) 16... f6 17. Qe2 Qc7 18. Rad1 Be6 19. Rd2 Rab8 20. Rfd1 Rfd8 (20... Rxb2 21. Rxd6 exf4 22. Rxe6 $18) 21. h3 Bf7 (21... Rxb2 $2 22. fxe5 Qa5 (22... fxe5 $2 23. Ng5 $18) 23. exf6 (23. Rxd6 Rxd6 24. exd6 Nc6 $18) (23. exd6 Ng6 $18) 23... gxf6 24. Nd5 (24. Rxd6 Rxd6 25. Rxd6 Qxc3 $14) (24. Bxd6 Qxc3 25. Bxe7 Rxd2 $16) 24... Nxd5 25. exd5 $18) 22. fxe5 dxe5 23. Rxd8+ Rxd8 24. Rxd8+ Qxd8 25. Bf2 Bxf2 26. Qxf2 Qc7 27. Na4 Qc6 28. Qc5 (28. Nc5 $11) 28... Qxa4 $17 29. Qxe7 h6 (29... Qxc2 30. Qd8+) 30. Qd8+ (30. Nh4 $17) 30... Kh7 $19 31. Qd2 Bg6 32. Qc3 Bxe4 33. Ne1 Qb5 34. Nf3 Qd5 35. Kh2 Bxf3 36. gxf3 Kg6 (36... Qd4 $19 {Hoping for ...Qxc3.} 37. Qe1 f5 (37... Qxb2 38. Qe4+ Kh8 39. Qa8+ Kh7 40. Qe4+ g6 41. Qxc4 $11)) 37. Qe3 $2 (37. b3 $17 {might work better.}) 37... Kf5 $19 (37... Qd4 38. Qe2 $19) 38. Kg3 g5 (38... Qd4 $142 39. Qe1 g5 (39... Qxb2 40. Qe4+ Ke6 41. Qxc4+ Ke7 42. Qc7+ Kf8 43. Qd6+ Kf7 44. Qxa6 $11)) 39. c3 $2 (39. Qa7) 39... e4 40. fxe4+ Qxe4 41. Qb6 $2 (41. Qa7 Qf4+ 42. Kg2) 41... Qe5+ 42. Kf3 Qd5+ 43. Kf2 Qb5 44. Qa7 (44. Qd4 $142 Qxb2+ 45. Kf3 Qb7+ (45... Qxa3 46. Qe4#) 46. Ke3) 44... Qxb2+ $19 45. Kg1 Qc1+ 46. Kg2 Qd2+ 47. Kg1 Qxc3 48. Qd7+ Ke4 49. Qg4+ Kd3 50. Qd1+ Ke3 51. Kh1 Qd2 52. Qg1+ Kd3 53. Qg3+ Kc2 54. Qc7 c3 55. Qh7+ Kc1 56. Qxh6 Qe1+ 57. Kg2 Qe2+ 58. Kg1 Qe3+ 59. Kg2 c2 60. Qxf6 Kd1 61. Qf1+ Kd2 62. Qxa6 Qe2+ ({Less strong is} 62... c1=B 63. Qc4 $17) 0-1

[Event "SixDays Budapest IM-A 10-2024"]
[Site "Budapest"]
[Date "2024.10.02"]
[Round "4.3"]
[White "Krishna C R G"]
[Black "Li, Xueyi"]
[Result "1-0"]
[ECO "D30"]
[WhiteElo "2425"]
[BlackElo "2187"]
[Annotator "TA"]
[PlyCount "45"]
[EventDate "2024.09.24"]
[EventType "tourn"]
[EventCountry "HUN"]
[SourceTitle "playchess.com"]
[Source "ChessBase"]
[SourceQuality "1"]
[TimeControl "5400+30"]

1. d4 d5 2. c4 c6 3. Nf3 Nf6 4. e3 e6 5. Nbd2 Nbd7 6. b3 Bd6 7. Bb2 Ne4 8. Be2 f5 9. O-O Qf6 {[%emt 0:00:50] White has an edge.} 10. Ne1 O-O 11. Ndf3 g5 (11... b6 $11) 12. Nd3 $14 g4 13. Nfe5 Qh6 14. Qc1 Ndf6 (14... dxc4 $11 15. bxc4 (15. Qxc4 Nd2 $11) 15... c5) 15. Ba3 $16 Bxa3 16. Qxa3 g3 17. hxg3 $18 {[%emt 0:02:08] Active counter play!} (17. fxg3 $2 Qxe3+ 18. Kh1 Qxe2 $19) 17... Nxg3 18. fxg3 Qxe3+ 19. Rf2 Ne4 20. Re1 {[%emt 0:13:33] Bf3 would now be deadly.} dxc4 $2 (20... Nxf2 21. Bf3 (21. Nxf2 Qxd4 22. Bf3 a5 $18) 21... Qxd4 (21... Nxd3+ $2 {perishes.} 22. Rxe3 Nxe5 23. Rxe5 $18) (21... Qd2 $2 22. Re2 $18) 22. Nxf2 Qd2) 21. Bh5 {[%emt 0:06:52] White is clearly winning.} Qg5 {[%emt 0:04:26] [#]} 22. Rxe4 $1 {[%emt 0:00:30][%cal Oe4g4][%mdl 512] White threatens Rg4! and mate.} Rd8 (22... c5 23. Nxc5) 23. Nf7 {[%emt 0:01:12] Weighted Error Value: White=0.22 (precise) /Black=0.39.  Mistake:       	---       	Black=4      Inaccurate:     	White=2     	Black=1      OK:         	White=3     	Black=5      Best:        	White=3     	---} 1-0

[Event "SixDays Budapest IM-A 10-2024"]
[Site "Budapest"]
[Date "2024.10.02"]
[Round "4.4"]
[White "Pribelszky, Bence Daniel"]
[Black "Zia, Tahsin Tajwar"]
[Result "1/2-1/2"]
[ECO "A05"]
[WhiteElo "2408"]
[BlackElo "2255"]
[Annotator "RC"]
[PlyCount "89"]
[EventDate "2024.09.24"]
[EventType "tourn"]
[EventCountry "HUN"]
[SourceTitle "playchess.com"]
[Source "ChessBase"]
[SourceQuality "1"]
[TimeControl "5400+30"]

1. Nf3 Nf6 2. g3 c5 3. c4 Nc6 4. Bg2 d5 5. cxd5 Nxd5 6. Nc3 Nc7 7. O-O e5 8. d3 Be7 9. Be3 O-O 10. Rc1 Bd7 11. a3 Rc8 12. Nd2 Kh8 13. Kh1 b6 14. Nc4 b5 15. Nd2 Nd4 16. Nb3 Be6 17. Bxd4 cxd4 18. Ne4 Bd5 19. Na5 Ne6 20. Rxc8 Qxc8 21. Nd2 Bxg2+ 22. Kxg2 Ng5 23. Nf3 Nxf3 24. exf3 Qc7 25. Nb3 Qd7 26. Qc2 Rc8 27. Qd2 h6 28. Rc1 Bg5 29. Rxc8+ Qxc8 30. Qe2 Bf6 31. h4 Qc7 32. Qd2 a6 33. Qc1 Qxc1 34. Nxc1 Kh7 35. Nb3 Kg6 36. Nc5 Be7 37. Nxa6 Bd6 38. Kf1 Kf5 39. Ke2 Ke6 40. Kd2 Kd5 41. Kc2 f5 42. h5 Kc6 43. Kb3 Kd5 44. Kc2 Kc6 45. Kb3 1/2-1/2

[Event "SixDays Budapest IM-A 10-2024"]
[Site "Budapest"]
[Date "2024.10.02"]
[Round "4.5"]
[White "Polyik, Peter"]
[Black "Kwon, Sehyun"]
[Result "1/2-1/2"]
[ECO "A50"]
[WhiteElo "2304"]
[BlackElo "2248"]
[Annotator "TA"]
[PlyCount "92"]
[EventDate "2024.09.24"]
[EventType "tourn"]
[EventCountry "HUN"]
[SourceTitle "playchess.com"]
[Source "ChessBase"]
[SourceQuality "1"]
[TimeControl "5400+30"]

1. c4 b6 2. d4 Nf6 3. Nc3 Bb7 4. d5 e5 5. a3 a5 6. e4 Na6 7. Bd3 Be7 8. Nge2 {[%emt 0:00:31] White is better.} O-O 9. O-O d6 10. Rb1 Nc5 11. Bc2 Re8 12. f3 Ncd7 13. Ba4 Ba6 14. Bb5 Bxb5 15. cxb5 Nf8 16. b4 Ng6 17. Be3 axb4 18. axb4 h6 19. Ra1 Qd7 20. Ra6 Nh7 21. Qa4 Rab8 22. Qb3 f5 23. exf5 Qxf5 24. Qc4 Bd8 25. Ne4 Ne7 {[%emt 0:01:11] [#]} (25... Rf8 $11) 26. N2c3 (26. Bxb6 $1 $16 Qd7 (26... Rxb6 $2 27. Rxb6 Ng5 28. Rb8 $18) (26... cxb6 $2 27. Nxd6 Qd7 28. Nxe8 $18) 27. Ba7 Qxb5 28. Qa2) 26... Qf7 {[%emt 0:03:58] [#]} (26... Qg6 $11 {remains equal.}) 27. Ra7 {[%emt 0:00:45] White has more active pieces. The black rooks are passive.} ({White has to play} 27. Bxb6 $1 $16 Rc8 (27... Rxb6 $2 {loses.} 28. Rxb6 Nf5 29. Rb7 $18) (27... cxb6 $2 {perishes.} 28. Nxd6 Qg6 29. Nxe8 $18) 28. Bf2) 27... Qg6 28. Rfa1 Nf6 29. Nxf6+ Qxf6 30. Ne4 Qf7 31. Rd1 Rf8 32. Bf2 Kh8 33. Bh4 $2 (33. Ng3 $11) 33... g5 $2 (33... Nc8 $19 34. Bxd8 Nxa7) 34. Bf2 Qg6 35. Ra3 Rf7 36. Rda1 Rf8 37. h3 Qf7 38. Rd1 Qg6 39. Qd3 Ng8 (39... Qf5 {keeps more tension.} 40. Kh2 Ng6 41. Be1 Nf4) 40. Ng3 Qf7 41. Ne4 Qg6 42. Rda1 Ne7 43. Rd1 Ng8 44. Qd2 Qe8 45. Qe2 Qf7 46. Qd3 Qg6 {Weighted Error Value: White=0.30/Black=0.29 (precise) .  Loses game:     	White=1     	---        Missed win:     	---       	Black=1      Mistake:       	White=2     	Black=2      Inaccurate:     	White=7     	Black=4      OK:         	White=5     	Black=14     Best:        	White=1     	---} 1/2-1/2

[Event "SixDays Budapest IM-A 10-2024"]
[Site "Budapest"]
[Date "2024.10.02"]
[Round "5.1"]
[White "Valkova, Angelika"]
[Black "Polyik, Peter"]
[Result "0-1"]
[ECO "A40"]
[WhiteElo "2068"]
[BlackElo "2304"]
[Annotator "TA"]
[PlyCount "84"]
[EventDate "2024.09.24"]
[EventType "tourn"]
[EventCountry "HUN"]
[SourceTitle "playchess.com"]
[Source "ChessBase"]
[SourceQuality "1"]
[TimeControl "5400+30"]

1. d4 e6 2. c4 b6 3. a3 Bb7 4. d5 Nf6 5. Nc3 Bd6 6. e4 exd5 7. cxd5 {[%emt 0:01:40] Black should prevent f4.} O-O 8. Bg5 {[%emt 0:08:54] The position is equal.} h6 9. h4 Re8 (9... hxg5 $6 10. hxg5 g6 11. gxf6 Qxf6 12. Nf3 $14) 10. Qf3 hxg5 (10... Be5 $15 11. Nge2 c6 (11... hxg5 12. hxg5 Nxe4 13. Nxe4 $15)) 11. hxg5 $11 {[%emt 0:00:17] [#]} Nxe4 $1 12. Nxe4 Bxd5 {[%emt 0:02:27] [#]} (12... Qxg5 $11 13. Be2 Qe5 (13... Bxd5 $2 {is the wrong capture.} 14. Qh3 $18) (13... Qxd5 14. Nf6+ gxf6 15. Qxf6 Rxe2+ 16. Nxe2 Qa5+ 17. b4 Bxb4+ 18. Kf1 Bxg2+ 19. Kxg2 Qd5+ 20. f3)) 13. Bd3 (13. Qh3 $1 $16 Rxe4+ (13... Bxe4 14. Qh8#) 14. Ne2) 13... Bxe4 14. Bxe4 Qxg5 {[%emt 0:02:35] ...Qg6 is the strong threat.} 15. Ne2 {[%emt 0:03:02] [#]} (15. Kf1 $15 Nc6 16. Bd5) 15... Nc6 $1 $17 16. Rh5 (16. Kf1 Rad8) 16... Qf6 17. Rf5 $2 {[%emt 0:10:10][%mdl 8192] [#] This costs White the game.} (17. Qxf6 $17 gxf6 18. Rh4) 17... Nd4 18. Rxf6 $19 Nxf3+ 19. Bxf3 {[%emt 0:00:18] aiming for Rxd6.} gxf6 20. Bxa8 Rxa8 {[%emt 0:00:03][%mdl 4096] Endgame. KRB-KRN} 21. Kd2 Re8 22. Nc3 c6 23. b3 Be5 24. Ra2 d5 25. a4 Bxc3+ 26. Kxc3 {[%emt 0:00:05] KR-KR} a5 27. Rd2 Re4 28. g3 Kf8 29. Rd3 Ke7 30. Rf3 Ke6 {[%emt 0:00:12] Black is clearly winning.} 31. Kd3 Ke5 32. Kc3 f5 33. Kd3 f6 34. Kc3 f4 35. gxf4+ Rxf4 36. Re3+ Kd6 {[%emt 0:00:17] ( -> ...d4+)} 37. Re8 Rxf2 38. Rb8 Kc5 39. Rf8 f5 40. Rf6 f4 41. Kd3 Rf3+ 42. Kc2 Rf1 {[%emt 0:00:05] Weighted Error Value: White=0.81/Black=0.20 (precise) .  Loses game:     	White=1     	---        Mistake:       	White=3     	Black=3      Inaccurate:     	White=3     	Black=1      OK:         	White=2     	Black=14     Best:        	White=1     	Black=1      Brilliant:      	---       	Black=1} 0-1

[Event "SixDays Budapest IM-A 10-2024"]
[Site "Budapest"]
[Date "2024.10.02"]
[Round "5.2"]
[White "Kwon, Sehyun"]
[Black "Pavan Karthikeya Varma Gunturi"]
[Result "1/2-1/2"]
[ECO "A46"]
[WhiteElo "2248"]
[BlackElo "2056"]
[Annotator "TA"]
[PlyCount "104"]
[EventDate "2024.09.24"]
[EventType "tourn"]
[EventCountry "HUN"]
[SourceTitle "playchess.com"]
[Source "ChessBase"]
[SourceQuality "1"]
[TimeControl "5400+30"]

1. d4 Nf6 2. Nf3 e6 3. g3 d5 4. Bg2 a6 5. O-O c5 (5... Nbd7 $11) 6. dxc5 (6. c4 $1 $16) 6... Bxc5 {[%emt 0:00:18] [#]} 7. c4 $1 O-O (7... Nc6 8. cxd5) 8. cxd5 Nxd5 9. a3 Bd7 10. e4 Nf6 11. Qc2 Be7 12. Nc3 Nc6 13. Rd1 Rc8 14. Qe2 {[%emt 0:04:09] White is more active.} Qc7 15. Bf4 ({Better is} 15. e5 $14 Nd5 16. Nxd5 exd5 17. Rxd5) 15... e5 $11 16. Bg5 Bg4 17. Be3 {[%emt 0:06:01] Prevents Nd4} Rfd8 18. Rac1 (18. Nd5 {looks sharper.} Nxd5 19. exd5 e4 20. dxc6 exf3 21. Bxf3 Bxf3 22. Qxf3 Qxc6 23. Rxd8+ Bxd8 24. Qg4) 18... Qa5 {[%emt 0:05:36] Dodges Nd5} 19. Qe1 Rxd1 20. Rxd1 Rd8 21. Rc1 h6 22. Nd2 Be6 {[%emt 0:01:50] Dodges Nc4} 23. h3 Nd4 24. f4 exf4 25. gxf4 Qh5 26. f5 Bc5 $1 {[%emt 0:03:11][%cal Od4e2] White must now prevent ...Ne2+!} 27. Qf2 Nb3 28. Nxb3 Bxe3 29. Qxe3 Bxb3 30. Ne2 Rd1+ (30... Re8 $11) 31. Rxd1 $14 Bxd1 32. Ng3 (32. Nd4 $14) 32... Qg5 (32... Qh4 $11 {keeps the balance.}) 33. Qxg5 $16 hxg5 {[%emt 0:00:08][%mdl 4096] Endgame. KBN-KBN} 34. e5 $1 Nd7 35. Bxb7 a5 (35... Nc5 $16 {keeps fighting.} 36. Bg2 Bb3) 36. e6 $18 fxe6 37. fxe6 Nc5 (37... Ne5 38. b4 axb4) 38. Bd5 {[%emt 0:00:23] Intending e7+ and mate.} Kf8 39. b4 axb4 (39... Bb3 {was called for.} 40. Bxb3 axb4) 40. axb4 Bb3 41. Bxb3 Nxb3 {[%emt 0:00:20] KN-KN} 42. Ne4 (42. Nf5 g6 43. Ng3 Nd4 $11) 42... g4 43. h4 (43. hxg4 $18 {b5 is the strong threat.} Nd4 44. Nc5) 43... Ke7 $11 44. Ng5 {[%emt 0:00:14] Threatens to win with b5.} (44. Kg2 {simplifies} Kxe6 45. Kg3 Nd4 46. Kxg4 Kd5 47. Ng5) 44... Nd4 {[%emt 0:00:40] The position is equal.} 45. Kh2 {[%emt 0:01:27] Kg3 would now be deadly.} Nf5 46. b5 (46. h5 $5) 46... Kd6 $1 47. h5 Kc5 {[%emt 0:00:25] [#]} (47... Kd5 {is interesting.} 48. e7 g3+ 49. Kg2 Nxe7 50. b6 Kc6) 48. e7 $1 Nxe7 (48... g3+ 49. Kg2) 49. Ne6+ Kxb5 50. Nxg7 Ng8 51. Nf5 Kc5 52. Kg3 Kd5 {[%emt 0:00:11] White really could win this.   Weighted Error Value: White=0.19 (very precise) /Black=0.28 (precise) .  Missed win:     	White=1     	---        Mistake:       	White=2     	Black=5      Inaccurate:     	White=3     	Black=1      OK:         	White=15    	Black=19     Best:        	White=7     	Black=4      Strong:       	---       	Black=2} 1/2-1/2

[Event "SixDays Budapest IM-A 10-2024"]
[Site "Budapest"]
[Date "2024.10.02"]
[Round "5.3"]
[White "Zia, Tahsin Tajwar"]
[Black "Kustar, Sandor"]
[Result "1-0"]
[ECO "E62"]
[WhiteElo "2255"]
[BlackElo "2252"]
[Annotator "TA"]
[PlyCount "59"]
[EventDate "2024.09.24"]
[EventType "tourn"]
[EventCountry "HUN"]
[SourceTitle "playchess.com"]
[Source "ChessBase"]
[SourceQuality "1"]
[TimeControl "5400+30"]

1. d4 Nf6 2. c4 g6 3. g3 Bg7 4. Bg2 d6 5. Nc3 O-O 6. Nf3 Nc6 7. d5 Na5 8. b3 c5 ({Much weaker is} 8... Nxd5 9. Nxd5 c6 (9... Bxa1 10. Bd2 $14) 10. Nxe7+ Qxe7 11. Bg5 $16) 9. Bb2 e5 (9... Bd7 $11) 10. dxe6 $16 fxe6 (10... Bxe6 $142 11. Ng5 Bf5) 11. O-O a6 12. Qc2 Rb8 13. Rad1 {[%emt 0:18:51] White is more active.} (13. Ne4 $5 Nxe4 14. Bxg7 Kxg7 15. Qxe4 $16) 13... b5 14. e4 {[%emt 0:00:12] [#] e5 is the strong threat.} Ng4 (14... bxc4 $11 15. e5 cxb3 16. axb3 Ng4) 15. cxb5 axb5 16. h3 (16. e5 $5 Nxe5 17. Nxe5 Bxe5 18. Ne4 $16) 16... Ne5 17. Nxe5 Bxe5 18. f4 $36 {[%emt 0:01:20][%mdl 2048] White has some pressure.} Bd4+ 19. Kh2 e5 (19... b4 $11 20. Na4 (20. Ne2 Bxb2 21. Qxb2 Nc6 $11) 20... Ba6) 20. Bc1 (20. fxe5 $16 {Threatens to win with Rxf8+.} dxe5 21. Nd5 Rxf1 22. Rxf1) 20... Nc6 {[%emt 0:01:28] [#]} ({Better is} 20... b4 $14 21. Ne2 Ba6) 21. Nd5 (21. Nxb5 $1 $16 {[%cal Of4e5] Black must now prevent fxe5!} Ba6 22. a4) 21... Be6 (21... exf4 $11 {keeps the balance.} 22. Nxf4 b4) 22. f5 Bxd5 23. exd5 Ne7 {[%emt 0:00:23] A mistake that costs the game.} (23... Nb4 $16 24. Qb1 Qf6) 24. fxg6 $18 hxg6 25. Bg5 {[%emt 0:01:09] Rxf8+ would now be deadly.} Rxf1 (25... Qc7 26. Bxe7 Qxe7) 26. Rxf1 {[%emt 0:00:05] White is clearly winning.} Kg7 27. Qe4 Rb7 28. Bf6+ {[%emt 0:00:49] A strong pair of Bishops.} Kf7 29. Bxe7+ Kxe7 30. Qh4+ {[%emt 0:00:14] Weighted Error Value: White=0.30/Black=1.08.  Loses game:     	---       	Black=1      Mistake:       	White=2     	Black=7      Inaccurate:     	White=4     	Black=1      OK:         	White=6     	Black=4      Best:        	White=1     	Black=1} 1-0

[Event "SixDays Budapest IM-A 10-2024"]
[Site "Budapest"]
[Date "2024.10.02"]
[Round "5.4"]
[White "Li, Xueyi"]
[Black "Pribelszky, Bence Daniel"]
[Result "1/2-1/2"]
[ECO "A40"]
[WhiteElo "2187"]
[BlackElo "2408"]
[Annotator "RC"]
[PlyCount "216"]
[EventDate "2024.09.24"]
[EventType "tourn"]
[EventCountry "HUN"]
[SourceTitle "playchess.com"]
[Source "ChessBase"]
[SourceQuality "1"]
[TimeControl "5400+30"]

1. d4 e6 2. c4 b6 3. Nf3 Bb7 4. Bf4 Nf6 5. e3 Ne4 6. a3 Be7 7. Bd3 O-O 8. Qc2 f5 9. Nbd2 Nxd2 10. Nxd2 Bxg2 11. Rg1 Bb7 12. O-O-O Bf6 13. e4 Nc6 14. e5 Bh4 15. Nf3 Nb4 16. Qe2 Bxf3 17. Qxf3 Nc6 18. Bh6 Rf7 19. Qh5 Qe7 20. Be3 g6 21. f4 Rg7 22. Qf3 Rf8 23. d5 Nd8 24. Bc2 g5 25. Rd2 Nf7 26. Rgd1 gxf4 27. Bxf4 Bg5 28. Kb1 Bxf4 29. Qxf4 Qg5 30. Qd4 Qg4 31. dxe6 dxe6 32. Qd7 Qxc4 33. b3 Qc5 34. Qxe6 Qxe5 35. Bxf5 Kh8 36. Rd8 Rgg8 37. Rxf8 Rxf8 38. Rd7 Qxe6 39. Bxe6 Ng5 40. Bc4 c6 41. h4 Ne4 42. Bd3 Nc5 43. Rxh7+ Kg8 44. Bc2 Nxb3 45. Rxa7 Nd4 46. Bd3 Rf3 47. Bc4+ Kh8 48. Rd7 c5 49. a4 Rc3 50. Ba6 Rb3+ 51. Kc1 Ra3 52. Rb7 Rxa4 53. Rxb6 c4 54. Kb2 Ne2 55. Rb8+ Kg7 56. Bxc4 Rxc4 57. h5 Nf4 58. h6+ Kxh6 59. Rg8 Ng6 60. Kb3 Rc7 61. Kb4 Kg5 62. Ra8 Kf5 63. Ra5+ Ke4 64. Rc5 Rb7+ 65. Rb5 Rd7 66. Rh5 Kd4 67. Kb5 Ne5 68. Rh4+ Kd5 69. Kb4 Rb7+ 70. Kc3 Rc7+ 71. Kb3 Nf3 72. Rh5+ Kd4 73. Kb4 Rc1 74. Kb5 Rb1+ 75. Kc6 Ne5+ 76. Kc7 Rc1+ 77. Kb6 Rc5 78. Rh1 Nc4+ 79. Kb7 Re5 80. Kc6 Re6+ 81. Kd7 Rg6 82. Rd1+ Kc5 83. Rc1 Rg4 84. Ke6 Rf4 85. Rd1 Ne3 86. Rc1+ Kd4 87. Ra1 Re4+ 88. Kf7 Ke5 89. Ra5+ Nd5 90. Kg6 Rg4+ 91. Kf7 Rg5 92. Ra1 Rf5+ 93. Kg7 Rf4 94. Ra5 Ke6 95. Ra6+ Kf5 96. Ra5 Rd4 97. Ra1 Nf4 98. Ra5+ Nd5 99. Ra1 Rb4 100. Rf1+ Nf4 101. Kf7 Rb7+ 102. Ke8 Ke6 103. Re1+ Kd6 104. Rd1+ Nd5 105. Kf8 Ke6 106. Re1+ Kf5 107. Rf1+ Nf4 108. Ke8 Ke6 1/2-1/2

[Event "SixDays Budapest IM-A 10-2024"]
[Site "Budapest"]
[Date "2024.10.02"]
[Round "5.5"]
[White "Chubakov, Sultan"]
[Black "Krishna C R G"]
[Result "1/2-1/2"]
[ECO "A40"]
[WhiteElo "2265"]
[BlackElo "2425"]
[Annotator "TA"]
[PlyCount "50"]
[EventDate "2024.09.24"]
[EventType "tourn"]
[EventCountry "HUN"]
[SourceTitle "playchess.com"]
[Source "ChessBase"]
[SourceQuality "1"]
[TimeControl "5400+30"]

1. d4 e6 2. c4 Nf6 3. g3 Bb4+ 4. Bd2 Be7 5. Bg2 d5 6. Nf3 O-O 7. O-O Nbd7 8. Qc2 Ne4 9. Nc3 Nxd2 10. Nxd2 c6 11. b3 Bf6 12. e3 b6 13. b4 Bb7 14. Rac1 Rc8 15. Qb3 Qe7 16. a4 Rfd8 17. cxd5 cxd5 18. f4 Qd6 19. Na2 Be7 20. Qb2 Nf6 21. Rxc8 Rxc8 22. Rc1 {[%emt 0:01:00] Against Qc6} Rxc1+ 23. Qxc1 Qd7 24. b5 Ne8 25. Bf1 Qc7 {Weighted Error Value: White=0.11 (very precise) /Black=0.09 (flawless) .  Inaccurate:     	White=3     	Black=1      OK:         	White=5     	Black=7} 1/2-1/2

[Event "SixDays Budapest IM-A 10-2024"]
[Site "Budapest"]
[Date "2024.10.03"]
[Round "6.1"]
[White "Kwon, Sehyun"]
[Black "Valkova, Angelika"]
[Result "0-1"]
[ECO "C55"]
[WhiteElo "2248"]
[BlackElo "2068"]
[Annotator "RC"]
[PlyCount "52"]
[EventDate "2024.09.24"]
[EventType "tourn"]
[EventCountry "HUN"]
[SourceTitle "playchess.com"]
[Source "ChessBase"]
[SourceQuality "1"]
[TimeControl "5400+30"]

1. e4 e5 2. Nf3 Nc6 3. Bc4 Nf6 4. d4 exd4 5. e5 d5 6. Bb5 Nd7 7. Bxc6 bxc6 8. Nxd4 Nxe5 9. O-O Bd6 10. f4 Ng4 11. Re1+ Kf8 12. h3 h5 13. hxg4 hxg4 14. g3 Qf6 15. Kg2 c5 16. Nb3 d4 17. Na5 c4 18. Qe2 Be6 19. Qe4 Re8 20. Bd2 Rh5 21. Kg1 c3 22. bxc3 dxc3 23. Bxc3 Bc5+ 24. Kf1 Qh6 25. Nd2 Bd7 26. Be5 Rh2 0-1

[Event "SixDays Budapest IM-A 10-2024"]
[Site "Budapest"]
[Date "2024.10.03"]
[Round "6.2"]
[White "Pavan Karthikeya Varma Gunturi"]
[Black "Krishna C R G"]
[Result "0-1"]
[ECO "B00"]
[WhiteElo "2056"]
[BlackElo "2425"]
[Annotator "RC"]
[PlyCount "82"]
[EventDate "2024.09.24"]
[EventType "tourn"]
[EventCountry "HUN"]
[SourceTitle "playchess.com"]
[Source "ChessBase"]
[SourceQuality "1"]
[TimeControl "5400+30"]

1. e4 Nc6 2. Nf3 d6 3. d4 Nf6 4. Nc3 Bg4 5. Be3 g6 6. h3 Bxf3 7. Qxf3 Bg7 8. Bb5 O-O 9. Bxc6 bxc6 10. O-O Nd7 11. Rfd1 e6 12. Rab1 a5 13. Na4 e5 14. Qe2 Qh4 15. Nc3 Rae8 16. d5 c5 17. f3 f5 18. Qb5 Nf6 19. Bf2 Qg5 20. Qxa5 Nh5 21. h4 Qe7 22. exf5 gxf5 23. Nb5 Rf7 24. Qd2 Bf6 25. Qe1 Rg7 26. a4 Kh8 27. a5 Reg8 28. a6 Rxg2+ 29. Kf1 Nf4 30. Qe3 Bxh4 31. Rd2 Bxf2 32. Qxf2 Rxf2+ 33. Kxf2 e4 34. Rh1 e3+ 35. Ke1 exd2+ 36. Kxd2 Qe2+ 37. Kc1 Qxb5 38. a7 Qa5 39. Kb1 Qxa7 40. Re1 c4 41. c3 Rg1 0-1

[Event "SixDays Budapest IM-A 10-2024"]
[Site "Budapest"]
[Date "2024.10.03"]
[Round "6.3"]
[White "Pribelszky, Bence Daniel"]
[Black "Chubakov, Sultan"]
[Result "1/2-1/2"]
[ECO "B42"]
[WhiteElo "2408"]
[BlackElo "2265"]
[Annotator "TA"]
[PlyCount "62"]
[EventDate "2024.09.24"]
[EventType "tourn"]
[EventCountry "HUN"]
[SourceTitle "playchess.com"]
[Source "ChessBase"]
[SourceQuality "1"]
[TimeControl "5400+30"]

1. e4 c5 2. Nf3 e6 3. d4 cxd4 4. Nxd4 a6 5. Bd3 Bc5 6. Nb3 Ba7 7. Qe2 Nc6 8. Be3 Nge7 9. O-O O-O 10. Bxa7 Rxa7 11. f4 b6 {[%emt 0:15:03] White has an edge.} 12. Kh1 (12. a3 $14 {deserves consideration.}) 12... Bb7 13. c4 f5 14. Nc3 Nb4 15. Bb1 Qc7 16. exf5 Nxf5 17. Be4 Bxe4 18. Nxe4 h6 19. a3 Nc6 20. Qd2 Nce7 21. Rac1 Qc6 22. Nf2 Rc7 23. Nd3 (23. Qe2 $11 {remains equal.}) 23... Qa4 $17 24. Qb4 Qxb4 25. Nxb4 {[%emt 0:00:03] [#]} a5 26. Nd3 Ne3 27. Rfe1 Nxc4 28. Nd4 {[%emt 0:00:09] Black must now prevent b3.} Rcc8 29. g3 {[%emt 0:00:33] Black is slightly better.} Nd5 30. Nb5 Nce3 31. Ne5 Rcd8 {[%emt 0:05:36] Weighted Error Value: White=0.13 (very precise) /Black=0.08 (flawless) .  Mistake:       	White=2     	---        Inaccurate:     	White=2     	Black=4      OK:         	White=12    	Black=9      Best:        	---       	Black=1} 1/2-1/2

[Event "SixDays Budapest IM-A 10-2024"]
[Site "Budapest"]
[Date "2024.10.03"]
[Round "6.4"]
[White "Kustar, Sandor"]
[Black "Li, Xueyi"]
[Result "1/2-1/2"]
[ECO "A06"]
[WhiteElo "2252"]
[BlackElo "2187"]
[Annotator "RC"]
[PlyCount "98"]
[EventDate "2024.09.24"]
[EventType "tourn"]
[EventCountry "HUN"]
[SourceTitle "playchess.com"]
[Source "ChessBase"]
[SourceQuality "1"]
[TimeControl "5400+30"]

1. Nf3 d5 2. g3 c6 3. Bg2 Bf5 4. d3 e6 5. O-O h6 6. c4 dxc4 7. dxc4 Qxd1 8. Rxd1 Nf6 9. Nc3 Be7 10. Nd4 Bg6 11. e4 Nbd7 12. f3 Bc5 13. Na4 Be7 14. Be3 O-O 15. c5 Rfd8 16. Nb3 Ne5 17. Bd4 Nc4 18. Bf1 e5 19. Bf2 Rxd1 20. Rxd1 b5 21. Bxc4 bxa4 22. Na5 Rc8 23. Ba6 Rc7 24. Bb7 Nd7 25. Rc1 Bg5 26. Rc4 Bd2 27. Bxc6 Bxa5 28. Bxa4 f6 29. Rc2 f5 30. c6 Nf6 31. exf5 Bxf5 32. Rc5 Bb6 33. Rxe5 Bg6 34. b4 Bf7 35. a3 Kf8 36. b5 Nd5 37. Bc2 Re7 38. Re4 Nc3 39. Rxe7 Kxe7 40. a4 Kd6 41. g4 Bd5 42. Kg2 Ne2 43. h4 Nf4+ 44. Kg3 g5 45. hxg5 hxg5 46. Bd1 Nd3 47. Bxb6 axb6 48. Bc2 Nf4 49. Kf2 Kc7 1/2-1/2